Map: Invader LE

Players

Fropez

  • Race: Protoss Protoss
  • League: Silver
  • Spawn Location: 11:00

Cech - Winner!

  • Race: Protoss Protoss
  • League: Silver
  • Spawn Location: 1:00

VOD

Have the link to the VOD?

Description

Time

  • Played on: June 9, 2016, 6:13 p.m.
  • Length: 21:26
Show
View Real Time Build Order
Export as new Build Order

Fropez Protoss 

Build Orders: Blink Stalkers 

Get SALT Encoding   

  12  0:01  Probe (Chrono Boost)  
  13  0:16  Pylon  
  13  0:24  Probe (Chrono Boost)  
  14  0:36  Gateway  
  14  0:37  Probe (Chrono Boost)  
  15  0:45  Assimilator  
  15  0:47  Probe (Chrono Boost)  
  16  0:58  Probe (Chrono Boost)  
  17  1:05  Pylon  
  17  1:08  Probe (Chrono Boost)  
  18  1:19  Probe (Chrono Boost)  
  19  1:31  Probe (Chrono Boost)  
  20  1:34  Cybernetics Core  
  20  1:35  Pylon  
  20  1:41  Probe (Chrono Boost)  
  21  1:50  Assimilator  
  21  1:52  Probe (Chrono Boost)  
  22  1:57  Gateway  
  22  2:02  Probe (Chrono Boost)  
  23  2:10  Gateway  
  23  2:13  Warp Gate (Chrono Boost)  
  23  2:28  Pylon  
  23  2:30  Probe  
  24  2:38  Stalker  
  24  2:42  Mothership Core  
  28  3:01  Twilight Council  
  28  3:03  Probe  
  29  3:11  Gateway  
  29  3:15  Probe  
  30  3:33  Nexus  
  30  3:42  Blink (Chrono Boost)  
  30  3:52  Probe  
  31  4:04  Probe  
  32  4:16  Probe  
  33  4:19  Pylon  
  33  4:24  Stalker  
  33  4:25  Stalker x2  
  33  4:28  Probe  
  33  4:30  Stalker  
  34  4:52  Stalker  
  36  5:00  Probe x2  
  37  5:12  Stalker  
  39  5:18  Probe  
  40  5:42  Stalker x4  
  40  6:33  Assimilator  
  40  6:35  Assimilator  
  40  6:44  Probe  
  40  6:45  Probe  
  42  6:53  Stalker  
  44  6:57  Probe  
  44  6:59  Probe  
  46  7:10  Stalker x3  
  46  7:13  Probe x2  
  52  7:23  Pylon  
  46  8:03  Stalker x3  
  50  8:10  Gateway  
  50  8:13  Probe x2, Gateway  
  52  8:23  Probe  
  52  8:26  Probe  
  54  8:28  Stalker x3  
  60  8:38  Probe x2  
  62  8:55  Forge  
  62  9:06  Zealot  
  64  9:14  Probe  
  64  9:15  Probe  
  66  9:20  Pylon  
  66  9:24  Stalker x2  
  66  9:29  Pylon  
  70  9:33  Pylon  
  70  9:37  Nexus, Probe  
  69  9:46  Pylon  
  69  9:59  Stalker x2  
  73  10:00  Protoss Ground Weapons Level 1 (Chrono Boost)  
  72  10:26  Stalker  
  72  10:27  Stalker x3  
  78  10:50  Probe x2  
  78  10:54  Stalker x3  
  84  11:02  Stalker x2  
  88  11:07  Probe  
  88  11:10  Probe x2  
  91  11:24  Templar Archives  
  91  11:41  Pylon, Robotics Facility  
  91  11:45  Pylon  
  91  11:49  Pylon, Protoss Ground Weapons Level 2 (Chrono Boost)  
  91  11:50  Probe  
  91  11:52  Probe  
  91  11:53  Stalker  
  95  11:54  Stalker  
  95  12:00  Probe  
  95  12:01  Assimilator  
  98  12:12  Stalker x3  
  104  12:19  Probe  
  105  12:25  Gateway  
  105  12:26  High Templar x2  
  109  12:30  Archon  
  109  12:35  Probe  
  110  12:37  Probe  
  110  12:38  Probe, Assimilator  
  112  12:45  High Templar  
  112  12:46  High Templar  
  112  12:49  Probe  
  112  12:50  Archon  
  112  12:51  Probe x2  
  118  12:54  Pylon  
  118  12:56  Pylon  
  118  12:58  Pylon  
  119  12:59  Probe  
  119  13:01  Photon Cannon  
  119  13:04  Psionic Storm  
  120  13:11  High Templar x2  
  120  13:12  High Templar  
  126  13:20  Warp Prism  
  126  13:22  Probe  
  129  13:30  Probe x2  
  129  13:33  High Templar x2  
  135  13:35  Archon  
  135  13:44  Probe  
  135  13:45  Probe  
  135  13:48  Stalker x3  
  139  13:54  Gateway  
  143  13:56  Gateway  
  143  13:57  Protoss Ground Weapons Level 3 (Chrono Boost)  
  143  14:00  Probe  
  143  14:01  Probe  
  143  14:02  Pylon, Forge  
  145  14:03  Observer  
  146  14:19  Probe  
  146  14:21  Probe  
  148  14:24  Observer  
  148  14:25  High Templar  
  148  14:26  High Templar x4  
  151  15:19  Nexus  
  147  15:21  Assimilator  
  147  15:23  Assimilator  
  147  15:26  Stalker  
  147  15:27  Stalker x4  
  157  16:01  Pylon, Protoss Ground Armor Level 1 (Chrono Boost)  
  157  16:04  Pylon  
  157  16:08  Pylon  
  157  16:15  Pylon  
  157  16:17  Probe  
  157  16:18  Pylon  
  157  16:19  Probe  
  157  16:22  Gateway  
  157  16:23  Protoss Shields Level 1 (Chrono Boost), Gateway  
  159  16:26  High Templar  
  159  16:27  High Templar x4  
  169  16:35  Archon  
  169  16:36  Archon  
  167  16:56  High Templar x2  
  167  16:57  High Templar  
  173  17:07  Stalker x4  
  175  17:25  Stalker x3  
  177  17:48  Archon x3  
  177  17:49  Archon  
  111  18:24  Stalker x2  
  111  18:26  Stalker  
  109  18:27  Stalker x2  
  109  18:28  Stalker  
  90  19:03  Protoss Ground Armor Level 2 (Chrono Boost)  
  90  19:11  Protoss Shields Level 2 (Chrono Boost)  
  90  19:12  Stalker x4  
  90  19:13  Stalker x2  
  68  19:45  Stalker x2  
  68  19:46  Stalker x4  
  80  19:57  Gateway  
  80  20:00  Gateway  
  80  20:09  Gateway  
  80  20:10  Gateway  
  80  20:20  Nexus  
  80  20:34  Nexus  
  74  20:39  Stalker x5  
  74  20:40  Stalker  
  86  20:43  Nexus  
  86  20:46  Assimilator  
  86  20:52  Assimilator  
  86  20:54  Pylon  
  86  20:56  Pylon  
  80  20:57  Pylon  
  66  21:04  Zealot x2  
  66  21:05  Pylon, Zealot x4  
  66  21:07  Pylon  
  66  21:11  Stalker  
  66  21:12  Stalker x2  
  66  21:13  Stalker  
  68  21:18  Pylon  
Show
View Real Time Build Order
Export as new Build Order

Cech Protoss - Winner!

Build Orders: Oracle Opening 

Get SALT Encoding   

  12  0:02  Probe (Chrono Boost)  
  13  0:13  Probe (Chrono Boost)  
  14  0:21  Pylon  
  14  0:23  Probe (Chrono Boost)  
  15  0:39  Probe (Chrono Boost), Gateway  
  16  0:49  Probe (Chrono Boost), Assimilator  
  17  1:00  Probe (Chrono Boost), Assimilator  
  18  1:07  Pylon  
  18  1:18  Probe (Chrono Boost)  
  19  1:36  Probe (Chrono Boost)  
  19  1:37  Zealot  
  19  1:39  Cybernetics Core  
  22  1:46  Probe (Chrono Boost)  
  23  1:57  Probe (Chrono Boost)  
  24  2:15  Nexus  
  24  2:19  Probe (Chrono Boost)  
  25  2:30  Probe (Chrono Boost), Stalker  
  25  2:34  Warp Gate  
  28  2:45  Stargate  
  28  2:49  Probe (Chrono Boost)  
  29  3:00  Stalker  
  31  3:22  Pylon  
  31  3:23  Probe (Chrono Boost)  
  33  3:27  Mothership Core (Chrono Boost)  
  34  3:34  Probe (Chrono Boost)  
  34  3:36  Oracle (Chrono Boost)  
  37  3:44  Stalker  
  39  3:48  Probe  
  39  3:50  Probe  
  39  3:55  Pylon  
  41  4:02  Probe (Chrono Boost)  
  42  4:15  Probe x2 (Chrono Boost)  
  44  4:19  Assimilator x2  
  44  4:31  Gateway  
  44  4:33  Probe x2 (Chrono Boost), Stalker  
  48  5:31  Stalker  
  50  5:37  Stalker  
  50  5:57  Stalker  
  47  6:16  Probe (Chrono Boost)  
  47  6:18  Probe (Chrono Boost)  
  46  6:24  Stalker x2  
  47  6:27  Probe (Chrono Boost)  
  47  6:30  Probe (Chrono Boost)  
  49  6:38  Probe (Chrono Boost)  
  50  6:40  Probe (Chrono Boost)  
  51  6:48  Probe (Chrono Boost)  
  51  6:51  Pylon, Probe (Chrono Boost)  
  53  6:56  Twilight Council  
  53  6:58  Pylon  
  53  6:59  Probe (Chrono Boost)  
  53  7:00  Pylon  
  54  7:05  Stalker x2  
  58  7:26  Probe x2 (Chrono Boost)  
  59  7:41  Stalker x2  
  58  8:04  Blink  
  58  8:10  Probe x2 (Chrono Boost)  
  60  8:19  Stalker  
  62  8:20  Probe x2 (Chrono Boost), Stalker  
  62  8:25  Void Ray (Chrono Boost)  
  70  8:36  Pylon  
  70  8:37  Pylon  
  70  8:38  Pylon  
  70  8:41  Robotics Facility  
  70  8:49  Pylon  
  70  8:51  Sentry x2  
  74  9:01  Void Ray (Chrono Boost)  
  74  9:02  Pylon  
  74  9:09  Gateway  
  78  9:10  Gateway  
  78  9:11  Gateway  
  78  9:15  Gateway  
  78  9:16  Stalker  
  80  9:17  Stalker  
  80  9:18  Gateway  
  82  9:28  Observer (Chrono Boost)  
  83  9:40  Templar Archives  
  83  9:48  Immortal (Chrono Boost)  
  91  10:22  Immortal (Chrono Boost)  
  91  10:32  Robotics Facility  
  89  10:53  Stalker x3  
  89  10:55  Zealot x2  
  89  10:56  Zealot  
  101  10:57  Void Ray  
  105  11:19  Stargate  
  105  11:25  Stargate  
  105  11:37  Fleet Beacon  
  105  11:38  Immortal (Chrono Boost)  
  105  11:39  Immortal (Chrono Boost)  
  113  11:44  Robotics Bay  
  113  11:50  Void Ray  
  117  12:12  Charge  
  117  12:16  Nexus  
  117  12:19  Pylon x2  
  117  12:21  Pylon  
  117  12:33  Pylon  
  117  12:36  Pylon, Tempest (Chrono Boost)  
  117  12:37  Tempest (Chrono Boost)  
  125  12:38  Pylon  
  125  12:39  Pylon  
  125  12:40  Pylon  
  125  12:42  Pylon  
  125  12:43  Pylon  
  125  12:48  Disruptor x2 (Chrono Boost)  
  131  13:10  Assimilator  
  131  13:12  Assimilator  
  135  13:22  Tempest (Chrono Boost)  
  135  13:36  Tempest (Chrono Boost)  
  135  13:40  Probe  
  135  13:41  Probe  
  146  14:34  Disruptor  
  146  14:36  Disruptor  
  152  14:39  Zealot x2  
  152  14:40  Zealot x5  
  166  14:55  Forge  
  166  14:57  Forge  
  155  15:30  Tempest (Chrono Boost)  
  155  15:35  Tempest (Chrono Boost)  
  163  15:43  Probe  
  163  15:45  Probe x2  
  166  16:06  Zealot x3  
  172  16:29  Protoss Ground Weapons Level 1  
  172  16:30  Protoss Ground Armor Level 1  
  172  16:37  Observer x2, Probe  
  172  16:38  Probe  
  172  16:39  Probe  
  177  16:48  Probe  
  177  16:50  Probe  
  177  16:51  Probe  
  154  19:05  Zealot  
  154  19:06  Zealot x5  
  154  19:07  Zealot  
  168  19:22  Mothership Core  
  160  19:27  Zealot x3  
  160  19:28  Zealot x4  
  175  20:10  Zealot x4  
  175  20:11  Zealot x3  
  189  20:19  Nexus, Tempest (Chrono Boost)  
  197  20:23  Pylon x2  
  197  20:24  Tempest (Chrono Boost)  
  197  20:26  Pylon  
  197  20:27  Pylon  
Tags
 
Composition
Blink Stalkers
Matchup
PvP
Replay Pack
All Mines
Spawn Locations
Close Positions
Add a new tag
Caveats
  • Supply blocks, unpowered buildings, or Contaminate may cause inaccurate times.
  • Supply counts are checked every 10 seconds.